 Dungeon Crawl Stone Soup version 0.27.1-33-g824d729ab1 (webtiles) character file.

Game seed: 15382520966042213962

425 halfoni the Chopper (level 7, -7/54 HPs)
             Began as a Human Berserker on Dec 18, 2021.
             Was a Believer of Trog.
             Killed from afar by Dowan (8 damage)
             ... with a stone arrow
             ... on level 5 of the Dungeon.
             The game lasted 00:05:27 (3200 turns).

halfoni the Chopper (Human Berserker)               Turns: 3200, Time: 00:05:27

Health: -7/54      AC:  8    Str: 20    XL:     7   Next: 18%
Magic:  7/7        EV: 11    Int: 10    God:    Trog [**....]
Gold:   83         SH:  0    Dex: 16    Spells: 6/6 levels left

rFire    + . .     SeeInvis .   a - +0 hand axe
rCold    . . .     Faith    .   (no shield)
rNeg     . . .     Spirit   .   g - +1 scale mail "Zeij" {rF+ Int+3 Dex+4}
rPois    .         Reflect  .   (no helmet)
rElec    .         Harm     .   (no cloak)
rCorr    .         Rampage  .   (no gloves)
Will     .....                  (no boots)
Stlth    ..........             (no amulet)
HPRegen  0.18/turn              (no ring)
MPRegen  0.10/turn              (no ring)

@: lethally poisoned (-7 -> -21), on berserk cooldown, slowed, very slow
A: no striking features
a: Renounce Religion, Berserk, Trog's Hand


You were on level 5 of the Dungeon.
You worshipped Trog.
Trog was pleased with you.
You visited 1 branch of the dungeon, and saw 5 of its levels.

You collected 83 gold pieces.

Inventory:

Hand Weapons
 a - a +0 hand axe (weapon)
Armour
 g - the +1 scale mail "Zeij" (worn) {rF+ Int+3 Dex+4}
   (You found it on level 2 of the Dungeon)

   Int:       It affects your intelligence (+3).
   Dex:       It affects your dexterity (+4).
   rF:        It protects you from fire.
Jewellery
 i - a ring of poison resistance
Wands
 h - a wand of iceblast (7)
Scrolls
 b - a scroll of immolation {unknown}
 c - a scroll of enchant weapon {unknown}
 e - 3 scrolls of identify {unknown}
 f - 3 scrolls of vulnerability {unknown}
Potions
 d - a potion of flight {unknown}


   Skills:
 + Level 4.2 Fighting
 + Level 5.5 Axes
 + Level 4.2 Armour
 + Level 2.6 Dodging


You had 6 spell levels left.
You didn't know any spells.
Your spell library was empty.

Dungeon Overview and Level Annotations

Branches:
Dungeon (6/15)
 Temple: D:4-7

Altars:

Shops:
D:2 (

Annotations:
D:5 Dowan


Message History

Dowan screams, "No!
No!"
Dowan seems to find hidden reserves of power!
You are no longer berserk.
You are exhausted.
You feel yourself slow down.
Your Armour skill increases to level 4!
You have reached level 7!
You hear the slow rusting of a very distant drain.
Dowan hits you with a +0 dagger of venom.
You are poisoned.
You see here a sedimented yellow potion.
You hit Dowan.
Dowan is lightly wounded.
You feel very sick.
Dowan hits you with a +0 dagger of venom.
You are more poisoned.
Dowan gestures at you while chanting. The shard of ice hits you!
You hit Dowan.
Dowan is moderately wounded.
You feel very sick.
Dowan hits you with a +0 dagger of venom.
You are lethally poisoned!
Dowan closely misses you.
You hit Dowan but do no damage.
Dowan is moderately wounded.
* * * LOW HITPOINT WARNING * * *
You feel very sick. Dowan hits you but does no damage.
You are more poisoned.
Dowan hits you with a +0 dagger of venom.
* * * LOW HITPOINT WARNING * * *
You hit Dowan.
Dowan is heavily wounded.
* * * LOW HITPOINT WARNING * * *
You feel extremely sick. Dowan closely misses you.
Dowan points at you and mumbles some strange words.
The stone arrow hits you!
You die...

### ##.# ####..#
##..)e@# #..###.#
######.####.# ..
#........##.# #.
#........##.# #.#
#........##..
#..###........##..
....##........#...
#.<..#........#


You could see Dowan (fast).

Vanquished Creatures
  Sigmund (D:3)
  Duvessa (D:5)
  A necrophage (D:5)
  2 adders (D:3)
  An adder zombie (D:5)
  A worm (D:3)
  2 dart slugs (D:1)
  3 endoplasms
  2 giant cockroaches (D:1)
  9 goblins
  7 hobgoblins
  2 jackals (D:1)
  9 kobolds
  4 quokkas
  6 ball pythons
  A bat (D:3)
  A frilled lizard (D:2)
  3 rats (D:1)
56 creatures vanquished.

Vanquished Creatures (others)
  18 plants (D:3)
18 creatures vanquished.

Grand Total: 74 creatures vanquished

Notes
Turn   | Place    | Note
-------+----------+-------------------------------------------
     0 | D:1      | halfoni the Human Berserker began the quest for the Orb.
     0 | D:1      | Reached XP level 1. HP: 18/18 MP: 1/1
    81 | D:1      | Reached XP level 2. HP: 24/24 MP: 2/2
   394 | D:1      | Reached XP level 3. HP: 29/29 MP: 3/3
   466 | D:1      | Found a faded altar of an unknown god.
   467 | D:1      | Noticed an eye of devastation
   469 | D:1      | Noticed a floating eye
   474 | D:1      | Noticed a great orb of eyes
   479 | D:1      | Noticed a shining eye
   694 | D:1      | Reached ** piety under Trog
  1553 | D:2      | Identified the +1 scale mail "Zeij" {rF+ Int+3 Dex+4}
  1821 | D:2      | Reached XP level 4. HP: 31/35 MP: 4/4
  2061 | D:2      | Found Idghungeo's Antique Weapon Shoppe.
  2750 | D:3      | Noticed Sigmund
  2764 | D:3      | Killed Sigmund
  2765 | D:3      | Reached skill level 4 in Axes
  2765 | D:3      | Reached XP level 5. HP: 30/42 MP: 5/5
  2765 | D:3      | Reached XP level 6. HP: 34/48 MP: 6/6
  3079 | D:3      | You fall into a shaft and drop 3 floors!
  3092 | D:5      | Entered Level 5 of the Dungeon
  3130 | D:5      | Noticed Duvessa
  3131 | D:5      | Noticed Dowan
  3134 | D:5      | Noticed a necrophage
  3191 | D:5      | Killed a necrophage
  3192 | D:5      | Reached skill level 5 in Axes
  3195 | D:5      | Killed Duvessa
  3196 | D:5      | Reached XP level 7. HP: 39/54 MP: 7/7
  3200 | D:5      | HP: 1/54 [poisoned by Dowan]
  3200 | D:5      | Killed from afar by Dowan

Illustrated notes

Levels and vault maps discovered:
D:1:      dpeg_arrival_fog, layout_loops_cross,
          hellmonk_ecumenical_altar_watching_god
D:2:      layout_loops_corners, serial_shops, shop, eino_tiny_chamber
D:3:      minmay_goblin_kobold_castle, layout_rooms, kennysheep_boxes,
          uniq_sigmund
D:5:      layout_rooms, portal_sewer_entry_c, uniq_duvessa
D:6:      layout_gridville, gammafunk_temple_overflow_claw,
          minmay_misc_feat_rows, chequers_serial_rivers_micro_e,
          uniq_blork_the_orc, uniq_maggie

Skill      XL: |  1  2  3  4  5  6 |
---------------+-------------------+-----
Axes           | 4 5 |  5.5
Armour         | 3 4 |  4.2
Fighting       | 4 |  4.2
Dodging        | |  2.6

Action                   |  1- 3 |  4- 6 |  7- 9 || total
-------------------------+-------+-------+-------++-------
Melee: Hand axe          |   109 |    57 |     4 ||   170
Invok: Berserk           |     1 |     3 |       ||     4
Armor: Scale mail        |    36 |    19 |     1 ||    56
Dodge: Dodged            |    65 |    22 |     2 ||    89
